 Dungeon Crawl Stone Soup version 0.30-a0-170-g85af917532 (webtiles) character file.

Game seed: 17914153522617484985

111 qw the Chopper (level 4, 0/28 HPs)
             Began as a Gargoyle Fighter on Sept 30, 2022.
             Killed from afar by Ijyb (6 damage)
             ... with a bolt of light
             ... on level 4 of the Dungeon.
             The game lasted 00:00:48 (2227 turns).

qw the Chopper (Gargoyle Fighter)                   Turns: 2227, Time: 00:00:49

Health: 0/28       AC: 11    Str: 21    XL:     4   Next: 92%
Magic:  4/4        EV:  9    Int:  9    God:
Gold:   132        SH:  0    Dex:  9    Spells: 3/3 levels left

rFire   . . .      SeeInvis .    Y - +0 war axe (freeze)
rCold   . . .      Faith    .    c - +0 buckler
rNeg    + . .      Spirit   .    b - +0 scale mail
rPois   inf        Reflect  .    (no helmet)
rElec   +          Harm     .    k - +0 cloak
rCorr   .          Rampage  .    (no gloves)
Will    .....                    (no boots)
Stlth   ..........               (no amulet)
HPRegen 0.09/turn                (no ring)
MPRegen 0.09/turn                (no ring)

@: confused
A: sickness immunity, AC +3, negative energy resistance 1, electricity
resistance, torment resistance 1, petrification resistance
a: no special abilities


You were on level 4 of the Dungeon.
You visited 1 branch of the dungeon, and saw 4 of its levels.

You collected 156 gold pieces.
You spent 24 gold pieces at shops.


Innate Abilities, Weirdness & Mutations

You are immune to sickness and miasma.
Your stone body is resilient. (AC +3)
You are immune to poison.
You resist negative energy. (rN+)
You are resistant to electric shocks. (rElec)
You are resistant to unholy torment.
You are immune to petrification.


   Skills:
 - Level 3.2 Fighting
 + Level 4.2 Axes
 - Level 1.0 Throwing
 - Level 3.2 Armour
 - Level 3.2 Shields


You had 3 spell levels left.
You didn't know any spells.
Your spell library was empty.

Inventory:

Hand Weapons
 m - a +1 vorpal mace
 Y - a +0 war axe of freezing (weapon)
Missiles
 h - 3 javelins (quivered)
 j - 5 boomerangs
Armour
 b - a +0 scale mail (worn)
 c - a +0 buckler (worn)
 k - a +0 cloak (worn)
Scrolls
 f - a scroll of identify
Potions
 d - a potion of might
 e - a potion of brilliance {unknown}
 g - 2 potions of heal wounds
 l - a potion of curing {unknown}
 n - a potion of lignification
 o - a potion of resistance {unknown}

Dungeon Overview and Level Annotations

Branches:
Dungeon (4/15)
 Temple: D:4-7

Altars:

Shops:
D:1 **(!

Annotations:
D:4 Ijyb


Message History

Where to? (* - list waypoints, Enter - D:3, ? - help)
What level of the Dungeon? (default 1, ? - help)
There is a stone staircase leading down here.
You climb downwards.
You hear the sound of rushing water.
There is an entrance to a sewer on this level.
Hurry and find it before the portal rusts away!
Ijyb shouts!
Found 4 atropa-tipped darts.
There is a stone staircase leading up here.
Ijyb is nearby!
Existing waypoints: (1) D:2 (2) D:3 Assign waypoint to what number? (0-9, D - delete waypoint) Waypoint 1 re-assigned from D:2 to D:4.
2220 ||| PLANNING SEWER Ijyb is nearby!
Ijyb is nearby!
2220 ||| Stepping randomly (stuck).
Found an escape hatch in the ceiling.
Found a stone staircase leading up.
Ijyb shouts!
You flicker for a moment.
Ijyb shouts!
Ijyb shouts!
Ijyb shouts!
Ijyb closely misses you.
You see here 4 atropa-tipped darts.
You completely miss Ijyb. Ijyb hits you but does no damage.
You hit Ijyb. You freeze Ijyb.
Ijyb is moderately wounded.
Ijyb hits you but does no damage.
You slash Ijyb! You freeze Ijyb.
Ijyb is almost dead.
You flicker back into view.
Ijyb zaps a wand.
The bolt of light hits you!!
Ouch! That really hurt!
Ijyb screams, "I dance on your bones!"
Ijyb zaps a wand.
The bolt of light hits you.
You are confused.
You die...

..... .....
#######.#######
...............
.8...}...8.
.......
######g######
#.....@.....#
#.<.......<.#
#...........#
#####...#####
#...# #.<.#
#...# #####


You could see Ijyb.

Vanquished Creatures
  An orc priest (D:3)
  2 adders (D:3)
  A worm (D:2)
  2 dart slugs (D:2)
  4 orcs (D:3)
  3 ball pythons
  8 endoplasms
  A giant cockroach (D:3)
  4 goblins
  4 hobgoblins
  4 jackals (D:3)
  2 kobolds
  3 quokkas
  3 bats (D:1)
  2 frilled lizards
  6 rats
50 creatures vanquished.

Notes
Turn   | Place    | Note
-------+----------+-------------------------------------------
     0 | D:1      | qw the Gargoyle Fighter began the quest for the Orb.
     0 | D:1      | Reached XP level 1. HP: 14/14 MP: 1/1
     0 | D:1      | 0 ||| qw: Version: 0.2-a-12-gaebbb33
     0 | D:1      | 0 ||| qw: Game counter: 1423
     0 | D:1      | 0 ||| qw: Always use a shield: true
     0 | D:1      | 0 ||| qw: God list: Okawaru
     0 | D:1      | 0 ||| qw: Allow faded altars: false
     0 | D:1      | 0 ||| qw: Do Orc after D:15 true
     0 | D:1      | 0 ||| qw: Do second Lair branch before Depths: true
     0 | D:1      | 0 ||| qw: Lair rune preference: random
     0 | D:1      | 0 ||| qw: Plans: Normal, Zot:1-4, God:TSO, Crypt, Tomb,
                  | Pan, Slime:5, Hells, Abyss, Orb
     0 | D:1      | 0 ||| PLANNING D:1-11
    22 | D:1      | Found Wuchexte's General Store.
    26 | D:1      | 26 ||| SHOPLISTING potion of might (40 gold, have 0).
    41 | D:1      | Found Yvvocom's Antique Weapon Boutique.
    46 | D:1      | 46 ||| SHOPLISTING club (20 gold, have 0).
    46 | D:1      | 46 ||| SHOPLISTING encrusted mace (160 gold, have 0).
    60 | D:1      | Reached skill level 2 in Axes
   115 | D:1      | Reached XP level 2. HP: 19/19 MP: 2/2
   116 | D:1      | Found Igaxt's Distillery.
   127 | D:1      | 127 ||| SHOPLISTING potion of heal wounds (65 gold, have
                  | 14).
   127 | D:1      | 127 ||| SHOPLISTING potion of lignification (39 gold, have
                  | 14).
   127 | D:1      | 127 ||| SHOPLISTING potion of mutation (104 gold, have 14).
   127 | D:1      | 127 ||| SHOPLISTING potion of resistance (130 gold, have
                  | 14).
   341 | D:1      | Found Yxkam's Assorted Antiques.
   350 | D:1      | 350 ||| SHOPLISTING chain mail (121 gold, have 38).
   350 | D:1      | 350 ||| BUYING fizzy white potion (24 gold).
   350 | D:1      | Bought a fizzy white potion for 24 gold pieces
   350 | D:1      | 350 ||| SHOPLISTING lumpy pink potion (24 gold, have 14).
   350 | D:1      | 350 ||| SHOPLISTING scroll labelled AGRIMM ESOYS (27 gold,
                  | have 14).
   350 | D:1      | 350 ||| SHOPLISTING scroll labelled DIOKAFOIMNI (27 gold,
                  | have 14).
   350 | D:1      | 350 ||| SHOPLISTING scroll labelled OGGAINW XUEWI (27 gold,
                  | have 14).
   412 | D:1      | 412 ||| Stepping ~*~*~tactically~*~*~ (stealth).
   419 | D:1      | 419 ||| Stepping ~*~*~tactically~*~*~ (stealth).
   485 | D:1      | Reached skill level 3 in Axes
   588 | D:1      | Found a faded altar of an unknown god.
   762 | D:1      | 762 ||| DROPPING orb of guile.
   763 | D:1      | 763 ||| DROPPING +6 ring of intelligence.
   764 | D:1      | 764 ||| READING scroll labelled OGGAINW XUEWI.
   765 | D:1      | 765 ||| READING scroll labelled SUPNYN FYVY.
   792 | D:2      | 792 ||| DROPPING +0 club.
   802 | D:2      | 802 ||| FLEEEEING.
   809 | D:2      | 809 ||| FLEEEEING.
   811 | D:2      | 811 ||| STAIRDANCE
   876 | D:2      | Reached XP level 3. HP: 23/23 MP: 3/3
  1122 | D:2      | Reached skill level 1 in Throwing
  1568 | D:2      | 1568 ||| UPGRADING to +0 cloak.
  1573 | D:2      | 1573 ||| READING scroll labelled AGRIMM ESOYS.
  1576 | D:2      | 1576 ||| READING scroll labelled NIVIEN WIKHLIR.
  1577 | D:2      | 1577 ||| READING scroll labelled YDE WIOHOE.
  1578 | D:2      | 1578 ||| DROPPING +0 whip.
  1579 | D:2      | 1579 ||| DRINKING 3 dark potions.
  1580 | D:2      | 1580 ||| DRINKING 2 fizzy brown potions.
  1614 | D:2      | 1614 ||| READING 2 scrolls of identify.
  1614 | D:2      | 1614 ||| IDENTIFYING lumpy pink potion
  1615 | D:2      | 1615 ||| DROPPING potion of degeneration.
  1835 | D:3      | Reached XP level 4. HP: 28/28 MP: 4/4
  1853 | D:3      | 1853 ||| READING scroll of brand weapon.
  1853 | D:3      | 1853 ||| BRANDING +0 war axe of flaming.
  1915 | D:3      | 1915 ||| Stepping ~*~*~tactically~*~*~ (stealth).
  1949 | D:3      | HP: 6/28 [orc/+0 trident (5)]
  1950 | D:3      | 1950 ||| DRINKING 3 potions of heal wounds.
  1952 | D:3      | Reached skill level 4 in Axes
  2202 | D:3      | 2202 ||| READING scroll labelled DIOKAFOIMNI.
  2203 | D:3      | 2203 ||| DRINKING 2 orange potions.
  2204 | D:3      | 2204 ||| DROPPING potion of invisibility.
  2219 | D:4      | Noticed Ijyb
  2220 | D:4      | 2220 ||| PLANNING SEWER
  2220 | D:4      | 2220 ||| Stepping randomly (stuck).
  2227 | D:4      | HP: 6/28 [Ijyb/bolt of light (22)]
  2227 | D:4      | Killed from afar by Ijyb

Levels and vault maps discovered:
D:1:      lightli_arrival_windingriver, layout_basic, serial_shops,
          shop_fountains, shop, shop, shop, basic_ecumenical_altar
D:2:      layout_loops_ring
D:3:      layout_rooms
D:4:      layout_basic, kiku_gazebo_pond_becter, elyvilon_altar_5,
          portal_sewer_entry_b, nicolae_elevator_lobby_plus, uniq_blork_the_orc,
          uniq_edmund, uniq_ijyb

Skill      XL: |  1  2  3  4 |
---------------+-------------+-----
Axes           | 2 3 4 |  4.2
Throwing       | 1 |  1.0
Fighting       | |  3.2
Armour         | |  3.2
Shields        | |  3.2

Action                   |  1- 3 |  4- 6 || total
-------------------------+-------+-------++-------
Melee: War axe           |   103 |    18 ||   121
Throw: Javelin           |    24 |     7 ||    31
  Use: Scroll            |     6 |     2 ||     8
       Potion            |     2 |     2 ||     4
Armor: Scale mail        |    56 |     9 ||    65
Dodge: Dodged            |    50 |    15 ||    65
Block: Buckler           |    25 |     2 ||    27

Table legend:
 A = Non-vault XP
 B = Vault XP
 C = Vault XP percentage of total XP
 D = Non-vault monster count
 E = Vault monster count
 F = Vault count percentage of total count
                 A         B        C        D         E       F
            +---------+---------+-------+---------+---------+-------
      Total |     159 |       0 |   0.0 |      50 |       0 |   0.0
            +---------+---------+-------+---------+---------+-------
        D:1 |      32 |       0 |   0.0 |      20 |       0 |   0.0
        D:2 |      23 |       0 |   0.0 |      10 |       0 |   0.0
        D:3 |     104 |       0 |   0.0 |      20 |       0 |   0.0
            +---------+---------+-------+---------+---------+-------
